 Dungeon Crawl Stone Soup version 0.31-a0-263-ge8cad7f256 (webtiles) character file.

Game seed: 8010787595882226841

89 qw the Shooter (level 4, -2/26 HPs)
             Began as a Gargoyle Hexslinger on July 13, 2023.
             Slain by a steam dragon (3 damage)
             ... on level 2 of the Dungeon.
             The game lasted 00:00:34 (1649 turns).

qw the Shooter (Gargoyle Hexslinger)                Turns: 1649, Time: 00:00:35

Health: -2/26      AC:  6    Str: 11    XL:     4   Next: 55%
Magic:  5/5        EV: 11    Int: 14    God:
Gold:   64         SH:  0    Dex: 14    Spells: 4/5 levels left

rFire   . . .        Y - +2 sling
rCold   . . .        (no shield)
rNeg    + . .        d - +0 leather armour
rPois   inf          (no helmet)
rElec   +            (no cloak)
rCorr   .            (no gloves)
SInv    .            (no boots)
Will    .....        (no amulet)
Stlth   +            (no ring)
HPRegen 0.24/turn    (no ring)
MPRegen 0.09/turn

%: no passive effects
@: no status effects
A: sickness immunity, AC +3, negative energy resistance 1, electricity
resistance, torment resistance 1, petrification resistance
a: no special abilities


You were on level 2 of the Dungeon.
You visited 1 branch of the dungeon, and saw 3 of its levels.

You collected 64 gold pieces.


Innate Abilities, Weirdness & Mutations

You are immune to sickness and miasma.
Your stone body is resilient. (AC +3)
You are immune to poison.
You resist negative energy. (rN+)
You are resistant to electric shocks. (rElec)
You are resistant to unholy torment.
You are immune to petrification.


   Skills:
 - Level 2.0 Fighting
 + Level 4.3 Ranged Weapons
 - Level 1.5 Dodging
 - Level 1.0 Spellcasting
 - Level 2.6 Hexes


You had 4 spell levels left.
You knew the following spells:

 Your Spells              Type           Power      Damage    Failure   Level
a - Slow                  Hex            32%        N/A       12%         1

Your spell library contained the following spells:

 Spells                   Type           Power      Damage    Failure   Level
 Inner Flame              Hex/Fire       4%         N/A       52%         3
 Portal Projectile        Hex/Tloc       8%         N/A       52%         3
 Cause Fear               Hex            4%         N/A       75%         4

Inventory:

Hand Weapons
 Y - a +2 sling (weapon)
Armour
 d - a +0 leather armour (worn)
Scrolls
 a - a scroll of identify
Potions
 b - a potion of lignification {unknown}
 c - a potion of brilliance {unknown}
 e - a potion of curing {unknown}
 h - a potion of might
 i - a potion of enlightenment {unknown}
 j - a potion of attraction {unknown}

Dungeon Overview and Level Annotations

Branches:
Dungeon (3/15)

Altars:
Gozag


Message History

You shoot a sling bullet.
The sling bullet barely misses the steam dragon.
You are engulfed in a cloud of scalding steam.
You shoot a sling bullet. The sling bullet hits the steam dragon.
The steam dragon is lightly wounded.
You shoot a sling bullet. The sling bullet hits the steam dragon.
The steam dragon is moderately wounded.
The steam dragon bites you! The steam dragon claws you.
The steam dragon bites you! The steam dragon claws you.
1645 ||| STAIRDANCE The steam dragon closely misses you. x2
You climb upwards.
There is a stone staircase leading down here.
Enter note:
Enter note:
Enter note:
Enter note:
Enter note:
Enter note:
Enter note:
Enter note:
Enter note:
Enter note:
Enter note:
Enter note:
Enter note:
Enter note:
Enter note: You shoot a sling bullet.
The sling bullet hits the steam dragon.
The steam dragon is heavily wounded.
The steam dragon bites you. The steam dragon closely misses you.
You shoot a sling bullet.
The sling bullet hits the steam dragon but does no damage.
The steam dragon is heavily wounded.
The steam dragon closely misses you. The steam dragon barely misses you.
You shoot a sling bullet.
The sling bullet closely misses the steam dragon.
The steam dragon bites you but does no damage.
The steam dragon claws you.
You die...

##### ##########.#.#
#.......##.#.##
#.......'.....#### ####
#.......##.......# #...
#........#....##.# #...
#..).....#.....#.#########...
#........#..D..#.#...........
##.......#..@..'.............
##.#..#.#.....#.#.##########
#............#.#.#
#######....#.#.....#.#.# #####
...........#.........#.# #...#
##.######..#......##%#.#####.#.##
#.# #..#......##........%.... #.#
#..#.....###.#.#...#.#.## #.#
#..##...(# #.#.#...#.#...


You could see a steam dragon.

Vanquished Creatures
  Jessica (D:2)
  An adder (D:2)
  A gnoll (D:1)
  A dart slug (D:1)
  A bat (D:1)
  4 endoplasms
  3 giant cockroaches
  6 goblins
  3 hobgoblins (D:1)
  4 jackals (D:1)
  A kobold (D:2)
  6 ball pythons
  5 frilled lizards
  3 rats
40 creatures vanquished.

Notes
Turn   | Place    | Note
-------+----------+-------------------------------------------
     0 | D:1      | qw the Gargoyle Hexslinger began the quest for the Orb.
     0 | D:1      | Reached XP level 1. HP: 12/12 MP: 2/2
     0 | D:1      | 0 ||| qw: Version: 0.3-a-52-g30416fa
     0 | D:1      | 0 ||| qw: Game counter: 7454
     0 | D:1      | 0 ||| qw: Melee chars always use a shield: true
     0 | D:1      | 0 ||| qw: God list: Okawaru
     0 | D:1      | 0 ||| qw: Allow faded altars: false
     0 | D:1      | 0 ||| qw: Do Orc after clearing Dungeon:15 true
     0 | D:1      | 0 ||| qw: Do second Lair branch before Depths: true
     0 | D:1      | 0 ||| qw: Lair rune preference: random
     0 | D:1      | 0 ||| qw: Goals: Normal
     0 | D:1      | 0 ||| PLANNING D:1-11
   122 | D:1      | Reached XP level 2. HP: 16/16 MP: 3/3
   134 | D:1      | Reached skill level 3 in Ranged Weapons
   143 | D:1      | Reached XP level 3. HP: 9/20 MP: 4/4
   733 | D:1      | 733 ||| UPGRADING to +0 leather armour.
   743 | D:1      | 743 ||| DROPPING +0 robe.
   744 | D:1      | 744 ||| DROPPING ring of magical power.
   745 | D:1      | 745 ||| READING 4 scrolls labelled NENKADGHING.
   746 | D:1      | 746 ||| READING scroll labelled GIGRUPN ZEUGU.
   751 | D:1      | 751 ||| READING 3 scrolls of identify.
   751 | D:1      | 751 ||| IDENTIFYING metallic puce potion
   752 | D:1      | 752 ||| READING 2 scrolls of identify.
   752 | D:1      | 752 ||| IDENTIFYING amethyst potion
   753 | D:1      | 753 ||| DROPPING scroll of poison.
   754 | D:1      | 754 ||| DROPPING potion of magic.
   888 | D:2      | Found a faded altar of an unknown god.
  1211 | D:2      | Reached XP level 4. HP: 26/26 MP: 5/5
  1272 | D:2      | Noticed Jessica
  1274 | D:2      | Killed Jessica
  1275 | D:2      | Reached skill level 4 in Ranged Weapons
  1625 | D:2      | 1625 ||| READING scroll labelled ZOZAYHOPISK.
  1640 | D:3      | Noticed a steam dragon
  1640 | D:3      | Found an opulent altar of Gozag.
  1644 | D:3      | HP: 4/26 [steam dragon (3)]
  1645 | D:3      | 1645 ||| STAIRDANCE
  1647 | D:2      | HP: 1/26 [steam dragon (4)]
  1649 | D:2      | Slain by a steam dragon

Levels and vault maps discovered:
D:1:      kennysheep_arrival_forest, layout_loops_ring, minmay_pentomino_x2
D:2:      layout_basic, ebering_ecumenical_altar_sacrificial, uniq_jessica
D:3:      layout_basic, mainiacjoe_overflow_tiny_flanked, lemuel_crystal_altar

Skill      XL: |  1  2  3  4 |
---------------+-------------+-----
Ranged Weapons | 3 4 |  4.3
Fighting       | 2 |  2.0
Dodging        | |  1.5
Spellcasting   | |  1.0
Hexes          | |  2.6

Action                     |  1- 3 |  4- 6 || total
---------------------------+-------+-------++-------
   Fire: Sling             |   100 |    23 ||   123
    Use: Scroll            |     4 |     1 ||     5
 Armour: Robe              |     7 |       ||     7
         Leather armour    |     2 |     5 ||     7
  Dodge: Dodged            |    32 |     6 ||    38

Table legend:
 A = Non-vault XP
 B = Vault XP
 C = Vault XP percentage of total XP
 D = Non-vault monster count
 E = Vault monster count
 F = Vault count percentage of total count
                 A         B        C        D         E       F
            +---------+---------+-------+---------+---------+-------
      Total |      91 |      37 |  28.9 |      39 |       1 |   2.5
            +---------+---------+-------+---------+---------+-------
        D:1 |      58 |       0 |   0.0 |      26 |       0 |   0.0
        D:2 |      31 |      37 |  54.4 |      12 |       1 |   7.7
        D:3 |       2 |       0 |   0.0 |       1 |       0 |   0.0
            +---------+---------+-------+---------+---------+-------
